 Dungeon Crawl Stone Soup version 0.19.1-1-g22dce08 (webtiles) character file.

9338 Alarkh the Severer (level 11, -13/75 HPs)
             Began as a Demonspawn Monk on Jan 11, 2017.
             Was a High Priest of Trog.
             Mangled by a skeletal warrior
             ... wielding a +0 flail
             ... led by a skeletal warrior
              (15 damage)
             ... while paralysed by Sonja
             ... on level 11 of the Dungeon.
             The game lasted 00:14:22 (9615 turns).

Alarkh the Severer (Demonspawn Monk)                Turns: 9615, Time: 00:14:23

Health: -13/75     AC: 16    Str: 11    XL:     11   Next: 21%
Magic:  11/11      EV:  2    Int: 16    God:    Trog [*****.]
Gold:   558        SH:  0    Dex: 15    Spells: 0 memorised, 10 levels left

rFire  . . .     SeeInvis .     L - +0 war axe
rCold  . . .     Gourm    .     O - +3 leather armour
rNeg   . . .     Faith    .     (no shield)
rPois  .         Spirit   .     (no helmet)
rElec  .         Reflect  .     (no cloak)
rCorr  .         Harm     .     B - +2 pair of gloves
MR     .....                    g - +2 pair of boots
Stlth  ++........               (no amulet)
                                I - +4 ring of protection
                                d - +3 ring of evasion

@: paralysed, lethally poisoned (-13 -> -29), slowed
A: talons 1, spiny 2
a: Berserk, Trog's Hand, Brothers in Arms, Burn Spellbooks, Renounce Religion


You were on level 11 of the Dungeon.
You worshipped Trog.
Trog was extremely pleased with you.
You were hungry.

You visited 2 branches of the dungeon, and saw 12 of its levels.

You collected 558 gold pieces.

Inventory:

Hand Weapons
 a - a +3 hand axe
 L - a +0 war axe (weapon)
Missiles
 q - 2 throwing nets (quivered)
Armour
 b - a +0 robe
 g - a +2 pair of boots (worn)
 j - a +1 plate armour of cold resistance
 n - a +0 leather armour
 r - a +1 robe of fire resistance
 B - a +2 pair of gloves (worn)
 O - a +3 leather armour (worn)
Magical Staves
 W - an uncursed staff of cold {unknown}
Jewellery
 d - a +3 ring of evasion (left hand)
 f - an uncursed ring of ice
 A - an uncursed ring of flight
 I - a +4 ring of protection (right hand)
Wands
 x - a wand of polymorph (18/24)
 G - a wand of flame (19/48)
 K - a wand of enslavement (15/24)
 P - a wand of iceblast (8/15)
Scrolls
 e - 3 scrolls of identify
 h - 2 scrolls of noise
 o - 2 scrolls of immolation
 p - 4 scrolls of recharging
 y - a scroll of blinking {unknown}
 z - 3 scrolls of remove curse
 D - a scroll of random uselessness
 E - 3 scrolls of teleportation
 H - a scroll of amnesia {unknown}
 J - a scroll of fog {unknown}
 U - a scroll of enchant armour
Potions
 i - 2 potions of lignification
 k - 2 potions of cure mutation
 l - a potion of cancellation
 m - 6 potions of flight
 t - 4 potions of curing
 w - a potion of mutation
 C - a potion of haste {unknown}
 M - 2 potions of invisibility {unknown}
 Q - a potion of brilliance {unknown}
 R - a potion of ambrosia {unknown}
 V - a potion of agility {unknown}
Books
 F - a book of Misfortune

   Spells                             Type                      Level
   a - Confusing Touch                Hexes                        1
   b - Confuse                        Hexes                        3
   c - Gell's Gravitas                Hexes/Translocation          3
   d - Petrify                        Transmutation/Earth          4
   e - Metabolic Englaciation         Hexes/Ice                    5
   f - Yara's Violent Unravelling     Hexes/Transmutation          5
   Trog disapproves of the use of such an item.
Comestibles
 c - 10 bread rations
 s - 2 meat rations
 u - 7 beef jerkies
 S - 4 fruits


   Skills:
 - Level 3.0 Fighting
 + Level 15.4 Axes
 - Level 2.6 Dodging
 - Level 1.7 Stealth


You had 10 spell levels left.
You didn't know any spells.

Dungeon Overview and Level Annotations

Branches:
Dungeon (11/15)            Temple (1/1) D:6            Lair (0/6) D:9
    Orc (0/2) D:10

Altars:
Ashenzari
Cheibriados
Dithmenos
Elyvilon
Fedhas
Gozag
Hepliaklqana
Kikubaaqudgha
Makhleb
Nemelex Xobeh
Okawaru
Qazlal
Ru
Sif Muna
Trog
Uskayaw
Vehumet
Xom
Yredelemnul
Zin
The Shining One

Annotations:
D:11 Sonja


Innate Abilities, Weirdness & Mutations

You have sharp toenails.
You are mostly covered in sharp spines.


Message History

Found an escape hatch in the ceiling.
You see here a curare-tipped needle.
You feel sick.
Sonja shoots a curare-tipped needle.
The curare-tipped needle hits you.
You are lethally poisoned!
You have difficulty breathing.
* * * LOW HITPOINT WARNING * * *
You feel as though you will be slow longer.
Sonja shoots a curare-tipped needle.
The curare-tipped needle misses you.
The skeletal warrior closely misses you.
You see here 2 curare-tipped needles.
* * * LOW HITPOINT WARNING * * *
You feel very sick.
Sonja shoots a curare-tipped needle.
The curare-tipped needle misses you.
Sonja zaps a wand.
You suddenly lose the ability to move!
It is a wand of paralysis.
* * * LOW HITPOINT WARNING * * *
You feel sick.
The skeletal warrior hits you with a flail!
You die...

,*+*,*,*,,,,,***,*,,,*,*
,*,*,*,*,.**** #.#**,*,* *****
,**#,#.**.## #..,,,*,****,,,*
,,,,.#.**..# #.#*,,,,,,,,,*,***
,,,,,..###.#####.#*,**,**,,,,,,,*
******#C......##.#*,,,,**,*,∩,*,*
# #.......##<#*******,,,,,,,*
#### #.......##.# ***,*,,**
..<####zzz....##@# *,,,,**
.....z...##5.###z######** *,,,,,,
.......z.###.#.5K.......* *******
.........# #..z.........*
......z..# ##...........*
##....#### #...........* ##....#
#.....Q.....*
##....#*****##......(...*
........,,,,,...........*


You could see 2 skeletal warriors, a tengu warrior, Sonja and a shadow imp.

Vanquished Creatures
  Erica (D:10)
  The ghost of sveltemanboy the Spear-Bearer, a novice DrSu of Ashenzari (D:10)
  A hill giant (D:11)
  An ugly thing (D:7)
  2 hippogriffs
  The ghost of Stil the Sneak, an amateur OpIE (D:4)
  A wyvern (D:10)
  A hill giant zombie (D:10)
  9 yaks (D:10)
  Grum (D:8)
  A hungry ghost (D:10)
  A water moccasin (D:8)
  4 orc warriors
  2 sky beasts (D:8)
  A phantom (D:10)
  A black bear (D:10)
  3 wolves (D:8)
  An ogre (D:8)
  The ghost of Alarkh the Chopper, an amateur DsMo (D:5)
  5 centaurs
  A crocodile (D:10)
  3 big kobolds
  5 bullfrogs
  2 wyvern zombies
  2 scorpions
  2 troll zombies (D:10)
  15 killer bees
  8 wights
  A howler monkey (D:7)
  2 crimson imps (D:5)
  A centaur zombie (D:7)
  2 jellies (D:8)
  5 hounds
  4 orc priests
  2 iguanas
  7 orc wizards
  7 worker ants
  5 ogre zombies (D:10)
  2 hound skeletons
  3 hound zombies
  A worker ant zombie (D:10)
  A howler monkey zombie (D:10)
  9 gnolls
  8 adders
  3 shadow imps
  2 oozes (D:2)
  An adder skeleton (D:4)
  An adder zombie (D:7)
  2 worms
  A dart slug (D:1)
  3 leopard geckos
  39 orcs
  3 giant cockroaches
  3 goblins (D:1)
  5 hobgoblins
  7 jackals
  7 quokkas
  A ball python (D:3)
  6 bats
  6 frilled lizards
  5 goblin zombies (D:10)
  A hobgoblin skeleton (D:10)
  2 hobgoblin zombies (D:10)
  16 kobolds
  4 orc skeletons (D:10)
  13 orc zombies (D:10)
  7 rats
275 creatures vanquished.

Vanquished Creatures (others)
  A human (D:6)
1 creature vanquished.

Grand Total: 276 creatures vanquished

Notes
Turn   | Place    | Note
-------+----------+-------------------------------------------
     0 | D:1      | Alarkh the Demonspawn Monk began the quest for the Orb.
     0 | D:1      | Reached XP level 1. HP: 18/18 MP: 1/1
   120 | D:1      | Reached skill level 3 in Axes
   227 | D:1      | Gained mutation: You are partially covered in sharp spines. [demonic ancestry]
   227 | D:1      | Reached XP level 2. HP: 22/24 MP: 2/2
   668 | D:2      | Reached XP level 3. HP: 19/29 MP: 3/3
   877 | D:2      | Reached skill level 4 in Axes
  1199 | D:2      | Reached XP level 4. HP: 23/35 MP: 4/4
  2105 | D:4      | Reached skill level 5 in Axes
  2583 | D:4      | Gained mutation: You are mostly covered in sharp spines. [demonic ancestry]
  2583 | D:4      | Reached XP level 5. HP: 40/41 MP: 5/5
  2673 | D:5      | Entered Level 5 of the Dungeon
  2809 | D:5      | Noticed Alarkh's ghost (amateur DsMo)
  2825 | D:4      | Noticed Stil's ghost (amateur OpIE)
  2943 | D:5      | Killed Alarkh's ghost
  2943 | D:5      | Reached skill level 6 in Axes
  2943 | D:5      | Reached XP level 6. HP: 33/47 MP: 6/6
  3261 | D:4      | Killed Stil's ghost
  3261 | D:4      | Reached skill level 7 in Axes
  3414 | D:5      | Reached XP level 7. HP: 41/52 MP: 7/7
  3852 | D:6      | Found a staircase to the Ecumenical Temple.
  3858 | Temple   | Entered the Ecumenical Temple
  4123 | Temple   | Became a worshipper of Trog the Wrathful
  4123 | Temple   | Reached * piety under Trog
  4123 | Temple   | Reached ** piety under Trog
  4260 | D:6      | Reached skill level 8 in Axes
  4753 | D:6      | Found an ancient bone altar of Kikubaaqudgha.
  4759 | D:6      | Noticed a human
  4760 | D:6      | Killed a human
  4823 | D:6      | HP: 2/52 [orc warrior/long sword of electrocution (16)]
  4852 | D:6      | HP: 1/52 [something/magic dart (6)]
  5482 | D:7      | Reached skill level 9 in Axes
  5482 | D:7      | Gained mutation: You have sharp toenails. [demonic ancestry]
  5482 | D:7      | Reached XP level 8. HP: 58/58 MP: 8/8
  5787 | D:7      | Reached skill level 10 in Axes
  5819 | D:7      | Noticed a hippogriff
  5832 | D:7      | Reached *** piety under Trog
  5835 | D:7      | Killed a hippogriff
  5993 | D:7      | Noticed a purple ugly thing
  6010 | D:7      | Killed a purple ugly thing
  6010 | D:7      | Reached skill level 11 in Axes
  6010 | D:7      | Reached XP level 9. HP: 63/63 MP: 9/9
  6609 | D:8      | Reached skill level 12 in Axes
  6763 | D:8      | Reached **** piety under Trog
  6906 | D:8      | Reached skill level 13 in Axes
  6925 | D:8      | Found an iron altar of Okawaru.
  6978 | D:8      | Reached XP level 10. HP: 70/70 MP: 10/10
  7123 | D:8      | Noticed Grum
  7143 | D:8      | Killed Grum
  7589 | D:9      | Found a staircase to the Lair.
  8270 | D:10     | Entered Level 10 of the Dungeon
  8303 | D:10     | Found a staircase to the Orcish Mines.
  8330 | D:10     | Reached ***** piety under Trog
  8330 | D:10     | Reached skill level 14 in Axes
  8780 | D:10     | Noticed Erica
  8803 | D:10     | Killed Erica
  8857 | D:10     | Noticed sveltemanboy's ghost (novice DrSu)
  8878 | D:10     | Killed sveltemanboy's ghost
  8878 | D:10     | Reached skill level 15 in Axes
  8878 | D:10     | Reached XP level 11. HP: 28/75 MP: 11/11
  9067 | D:10     | Found an opulent altar of Gozag.
  9087 | D:10     | Received a gift from Trog
  9451 | D:11     | Noticed a hill giant
  9460 | D:11     | Killed a hill giant
  9533 | D:11     | Noticed a skeletal warrior
  9564 | D:11     | Noticed a skeletal warrior
  9565 | D:11     | Noticed a skeletal warrior
  9566 | D:11     | Noticed a skeletal warrior
  9585 | D:11     | Noticed a skeletal warrior
  9599 | D:11     | Noticed a hill giant
  9606 | D:11     | Noticed a tengu warrior
  9610 | D:11     | Noticed Sonja
  9614 | D:11     | Paralysed by Sonja for 5 turns
  9615 | D:11     | HP: 2/75 [poisoned by Sonja (curare-tipped needle)]
  9615 | D:11     | Mangled by a skeletal warrior

Skill      XL: |  1  2  3  4  5  6  7  8  9 10 |
---------------+-------------------------------+-----
Axes           | 3 4 5 6 7 9 11 13 15 | 15.4
Fighting       | |  3.0
Dodging        | |  2.6
Stealth        | |  1.7

Action                   |  1- 3 |  4- 6 |  7- 9 | 10-12 || total
-------------------------+-------+-------+-------+-------++-------
Melee: Hand axe          |    98 |   142 |   101 |       ||   341
       War axe           |       |       |   170 |   225 ||   395
Invok: Berserk           |       |       |    11 |     7 ||    18
  Use: Scroll            |     8 |     4 |     8 |     4 ||    24
       Potion            |       |     2 |       |     1 ||     3
 Stab: Sleeping          |     4 |     5 |     7 |     2 ||    18
  Eat: Chunk             |     1 |     6 |    16 |    15 ||    38
       Meat ration       |       |       |     1 |       ||     1
Armor: Plate armour      |     4 |       |       |       ||     4
       Robe              |     1 |       |    12 |       ||    13
       Leather armour    |     8 |    10 |    57 |    53 ||   128
       Skin              |       |     5 |       |    79 ||    84
Dodge: Dodged            |    63 |    72 |   176 |   128 ||   439
